 Dungeon Crawl Stone Soup version 0.23-a0-639-ga9a3373 (webtiles) character file.

39 KnightedAnt the Skirmisher (level 3, 0/30 HPs)
             Began as a Formicid Abyssal Knight on Dec 29, 2018.
             Was a Follower of Lugonu.
             Succumbed to Sigmund's poison
             ... on level 2 of the Dungeon.
             The game lasted 00:01:53 (1216 turns).

KnightedAnt the Skirmisher (FoAK)                   Turns: 1216, Time: 00:01:54

Health: 0/30       AC:  3    Str: 22    XL:     3   Next: 67%
Magic:  5/5        EV:  8    Int: 11    God:    Lugonu [*.....]
Gold:   75         SH:  8    Dex: 10    Spells: 2/2 levels left

rFire    . . .     SeeInvis +   a - +1 falchion
rCold    . . .     Gourm    .   e - +0 shield
rNeg     . . .     Faith    .   b - +0 leather armour
rPois    .         Spirit   .   (helmet unavailable)
rElec    .         Reflect  .   (no cloak)
rCorr    .         Harm     .   (no gloves)
MR       .....                  (no boots)
Stlth    +.........             (no amulet)
HPRegen  0.10/turn              (no ring)
MPRegen  0.09/turn              (no ring)

@: mighty, lethally poisoned (0 -> -29)
A: permanent stasis, dig shafts and tunnels, four strong arms, antennae 3
a: Dig, Shaft Self, Depart the Abyss, Renounce Religion


You were on level 2 of the Dungeon.
You worshipped Lugonu.
Lugonu was aware of your devotion.
You were very hungry.

You visited 1 branch of the dungeon, and saw 2 of its levels.
You visited the Abyss 1 time.

You collected 75 gold pieces.

Inventory:

Hand Weapons
 a - a +1 falchion (weapon)
Missiles
 i - 51 bolts
Armour
 b - a +0 leather armour (worn)
 e - a +0 shield (worn)
Jewellery
 g - an uncursed ring of poison resistance {unknown}
Scrolls
 d - a scroll of teleportation {unknown}
 f - a scroll of identify {unknown}
Potions
 j - a potion of mutation {unknown}
Comestibles
 c - 5 rations


   Skills:
 + Level 3.6 Fighting
 + Level 2.4 Long Blades
 + Level 2.6 Armour
 - Level 1.0 Dodging
 + Level 1.0 Shields
 + Level 2.8 Invocations


You had 2 spell levels left.
You didn't know any spells.
Your spell library was empty.

Dungeon Overview and Level Annotations

Branches:
Dungeon (2/15)

Altars:

Annotations:
D:2 Sigmund


Innate Abilities, Weirdness & Mutations

You cannot be hasted, slowed, berserked, paralysed or teleported.
You can dig through walls and to a lower floor.
Your four strong arms can wield two-handed weapons with a shield.
You have a pair of large antennae on your head. (SInv)


Message History

Your shield prevents you from hitting Sigmund.
Sigmund is moderately wounded.
You feel sick.
The giant cockroach bites you but does no damage.
Sigmund hits you with a +1 scythe of venom.
* * * LOW HITPOINT WARNING * * *
You are lethally poisoned!
The giant cockroach bites you.
* * * LOW HITPOINT WARNING * * *
You closely miss Sigmund.
Sigmund is moderately wounded.
* * * LOW HITPOINT WARNING * * *
You feel sick.
The giant cockroach bites you but does no damage.
Sigmund hits you with a +1 scythe of venom.
* * * LOW HITPOINT WARNING * * *
You are more poisoned.
You slash Sigmund!
Sigmund is severely wounded.
You die...

#####
##...
... #
##.#.##
#.@...#
#s@#..#
..#.. .#
........
.. .....
##### ##
##.#.
#.# .


You could see Sigmund and a giant cockroach.

Vanquished Creatures
  A gnoll (D:1)
  3 dart slugs (D:1)
  A leopard gecko (D:1)
  2 giant cockroaches (D:1)
  4 hobgoblins (D:1)
  2 kobolds (D:1)
  3 bats (D:1)
  3 frilled lizards (D:1)
  5 rats (D:1)
24 creatures vanquished.

Notes
Turn   | Place    | Note
-------+----------+-------------------------------------------
     0 | Abyss:1  | KnightedAnt the Formicid Abyssal Knight began the quest for
                  | the Orb.
     0 | Abyss:1  | Reached XP level 1. HP: 18/18 MP: 2/2
    50 | Abyss:1  | Noticed an orange demon
    59 | D:1      | Escaped the Abyss
    95 | D:1      | Reached skill level 1 in Dodging
   215 | D:1      | Reached XP level 2. HP: 17/24 MP: 3/3
   584 | D:1      | Reached XP level 3. HP: 25/29 MP: 4/4
   588 | D:1      | Reached * piety under Lugonu
   979 | D:1      | Reached skill level 1 in Shields
  1207 | D:2      | Noticed Sigmund
  1216 | D:2      | Succumbed to Sigmund's poison

Vault maps used:
D:1:      lightli_iron_boxes
D:2:      kennysheep_another_room, uniq_natasha, uniq_sigmund,
          uniq_crazy_yiuf_cottage

Skill      XL: |  1  2  3 |
---------------+----------+-----
Dodging        | 1 |  1.0
Shields        | 1 |  1.0
Fighting       | |  3.6
Long Blades    | |  2.4
Armour         | |  2.6
Invocations    | |  2.8

Action                   || total
-------------------------++-------
Melee: Falchion          ||    80
Invok: Depart the Abyss  ||     1
  Use: Potion            ||     1
Armor: Leather armour    ||    31
Dodge: Dodged            ||    32
Block: Shield            ||    28
       Rpst.: Falchion   ||    13

Table legend:
 A = Non-vault XP
 B = Vault XP
 C = Vault XP percentage of total XP
 D = Non-vault monster count
 E = Vault monster count
 F = Vault count percentage of total count
                 A         B        C        D         E       F
            +---------+---------+-------+---------+---------+-------
      Total |      56 |       0 |   0.0 |      24 |       0 |   0.0
            +---------+---------+-------+---------+---------+-------
        D:1 |      56 |       0 |   0.0 |      24 |       0 |   0.0
            +---------+---------+-------+---------+---------+-------
